 Dungeon Crawl Stone Soup version 0.28-a0-479-g5baa6b73be (webtiles) character file.

Game seed: 8021909726739059602

211 timneilson the Shield-Bearer (level 5, -7/33 HPs)
             Began as a Gargoyle Fighter on Sept 17, 2021.
             Mangled by a gnoll (15 damage)
             ... on level 4 of the Dungeon.
             The game lasted 00:03:18 (3649 turns).

timneilson the Shield-Bearer (Gargoyle Fighter)     Turns: 3649, Time: 00:03:19

Health: -7/33      AC: 11    Str: 20    XL:     5   Next: 88%
Magic:  5/5        EV: 10    Int:  9    God:
Gold:   127        SH:  4    Dex:  9    Spells: 4/4 levels left

rFire   . . .      SeeInvis .   a - +1 long sword (vorpal)
rCold   . . .      Faith    .   c - +0 buckler
rNeg    + . .      Spirit   .   b - +0 scale mail
rPois   ∞          Reflect  .   (no helmet)
rElec   +          Harm     .   (no cloak)
rCorr   .          Rampage  .   (no gloves)
Will    .....                   (no boots)
Stlth   ..........              (no amulet)
HPRegen 0.11/turn               (no ring)
MPRegen 0.09/turn               (no ring)

@: no status effects
A: sickness immunity, AC +4, negative energy resistance 1, electricity
resistance, torment resistance 1, petrification resistance
a: no special abilities


You were on level 4 of the Dungeon.
You visited 1 branch of the dungeon, and saw 4 of its levels.

You collected 127 gold pieces.

Inventory:

Hand Weapons
 a - a +1 vorpal long sword (weapon)
 j - a +2 short sword of flaming
Armour
 b - a +0 scale mail (worn)
 c - a +0 buckler (worn)
Scrolls
 e - 2 scrolls of enchant weapon
 h - a scroll of teleportation
Potions
 d - a potion of might
 f - a potion of flight
 g - 2 potions of curing
 i - a potion of lignification {unknown}


   Skills:
 + Level 3.8 Fighting
 * Level 3.0 Long Blades
 * Level 4.4 Armour
 + Level 1.2 Dodging
 * Level 4.6 Shields


You had 4 spell levels left.
You didn't know any spells.
Your spell library contained the following spells:

 Spells                   Type           Power      Damage    Failure   Level
 Petrify                  Tmut/Erth      0%         N/A       100%        4
 Metabolic Englaciation   Hex/Ice        0%         N/A       100%        5
 Statue Form              Tmut/Erth      Unusable   N/A       N/A         6

Dungeon Overview and Level Annotations

Branches:
Dungeon (4/15)
 Temple: D:4-7

Altars:


Innate Abilities, Weirdness & Mutations

You are immune to sickness and miasma.
Your stone body is resilient. (AC +4)
You are immune to poison.
You resist negative energy. (rN+)
You are resistant to electric shocks. (rElec)
You are resistant to unholy torment.
You are immune to petrification.


Message History

The gnoll hits you but does no damage.
You hit the gnoll.
The gnoll is almost dead.
The gnoll hits you but does no damage.
You barely miss the gnoll.
The gnoll is almost dead.
The gnoll closely misses you.
A gnoll comes into view. It is wielding a +4 halberd.
You barely miss the gnoll.
The gnoll is almost dead.
The gnoll hits you with a +0 whip.
A gnoll comes into view. It is wielding a +0 whip.
The gnoll hits you but does no damage.
You closely miss the gnoll.
The gnoll is almost dead.
The gnoll misses you.
You closely miss the gnoll.
The gnoll is almost dead.
The gnoll hits you with a +0 whip.
You slash the gnoll!
You kill the gnoll!
The gnoll hits you with a +0 flail.
Your Long Blades skill increases to level 3!
You barely miss the gnoll. You block the gnoll's attack.
You slash the gnoll!
You kill the gnoll!
The gnoll hits you but does no damage.
You hit the gnoll.
The gnoll is heavily wounded.
The gnoll barely misses you. The gnoll hits you but does no damage.
You slash the gnoll!
You kill the gnoll!
The gnoll hits you from afar with a +4 halberd.
The gnoll hits you with a +4 halberd!
* * * LOW HITPOINT WARNING * * *
Items here: ( ))) ††.
You hit the gnoll.
The gnoll is moderately wounded.
You block the gnoll's attack. The gnoll hits you with a +4 halberd!
You die...

####.....##
###......###
....#...#
.###.##...########
..................
..#####.##########
#. #..# ...## #.##
.#....# #@# ....#..
#g# #
....##.#####.###.#
................#
...............##..
##...g..........#
..####.........##...
#...>.†.......# #.#
......g............
.


You could see a gnoll.

Vanquished Creatures
  An orc priest (D:3)
  A jelly (D:3)
  An orc wizard (D:3)
  3 gnolls (D:4)
  6 adders
  A worm (D:2)
  2 orcs (D:3)
  2 bats
  9 endoplasms
  A giant cockroach (D:1)
  2 goblins
  2 hobgoblins
  3 kobolds
  A quokka (D:2)
  A frilled lizard (D:2)
  4 rats
40 creatures vanquished.

Notes
Turn   | Place    | Note
-------+----------+-------------------------------------------
     0 | D:1      | timneilson the Gargoyle Fighter began the quest for the
                  | Orb.
     0 | D:1      | Reached XP level 1. HP: 14/14 MP: 1/1
   358 | D:1      | Reached XP level 2. HP: 19/19 MP: 2/2
   948 | D:2      | Reached XP level 3. HP: 11/23 MP: 3/3
  1783 | D:2      | Reached XP level 4. HP: 28/28 MP: 4/4
  2481 | D:3      | HP: 1/29 [orc priest (4)]
  2488 | D:3      | Reached skill level 1 in Dodging
  2488 | D:3      | Reached XP level 5. HP: 12/33 MP: 5/5
  2496 | D:3      | HP: 1/33 [something (3)]
  2503 | D:3      | HP: 1/33 [orc wizard (1)]
  3649 | D:4      | Mangled by a gnoll

Illustrated notes

Levels and vault maps discovered:
D:1:      lightli_arrival_statuegarden, layout_loops_ring
D:2:      layout_loops_cross, hangedman_decor_opposing
D:3:      layout_basic, hangedman_decor_peaks_small
D:4:      layout_rooms, mainiacjoe_overflow_alcove_4, old_standard_altar

Skill      XL: |  1  2  3  4  5 |
---------------+----------------+-----
Long Blades    | 2 3 |  3.0
Armour         | 4 |  4.4
Shields        | 4 |  4.6
Dodging        | 1 |  1.2
Fighting       | |  3.8

Action                   |  1- 3 |  4- 6 || total
-------------------------+-------+-------++-------
Melee: Long sword        |    70 |   101 ||   171
  Use: Scroll            |     2 |     3 ||     5
       Potion            |       |     3 ||     3
Armor: Scale mail        |    31 |    55 ||    86
Dodge: Dodged            |    37 |    47 ||    84
Block: Buckler           |    13 |    30 ||    43

Table legend: (Time is in decaauts)
 A = Elapsed time spent in this place.
 B = Non-inter-level travel time spent in this place.
 C = Inter-level travel time spent in this place.
 D = Time resting spent in this place.
 E = Time spent auto-exploring this place.
 F = Levels seen in this place.
 G = Mean time per level.
                   A        B        C        D        E       F      G
               +--------+--------+--------+--------+--------+-----+--------+
         Total |   3695 |   3604 |     91 |    513 |   2665 |   4 |  923.8 |
       Dungeon |   3695 |   3604 |     91 |    513 |   2665 |   4 |  923.8 |
               +--------+--------+--------+--------+--------+-----+--------+

Top non-repeatable levels by time:
     D:3: 1592 daAuts
     D:2: 1089 daAuts
     D:1: 895 daAuts
     D:4: 118 daAuts
